 Dungeon Crawl Stone Soup version 0.29.1-14-g9c671dbff4 (webtiles) character file.

Game seed: 15394842097589874283

781 Wobber the Changer (level 7, 0/64 HPs)
             Began as an Octopode Transmuter on Feb 15, 2023.
             Was a Believer of Makhleb.
             Slain by Edmund
             ... wielding a +2 vorpal dire flail
              (9 damage)
             ... on level 6 of the Dungeon.
             The game lasted 00:17:28 (6631 turns).

Wobber the Changer (Octopode Transmuter)            Turns: 6631, Time: 00:17:28

Health: 0/64       AC: 23    Str:  9    XL:     7   Next: 85%
Magic:  11/11      EV:  2    Int: 17    God:    Makhleb [**....]
Gold:   301        SH:  6    Dex: 13    Spells: 6/11 levels left

rFire   . . .      SeeInvis .     - Unarmed
rCold   . . .      Faith    .   g - +2 buckler
rNeg    . . .      Spirit   .   (helmet currently unavailable)
rPois   +          Reflect  .   d - amulet of the acrobat
rElec   .          Harm     .   o - ring of poison resistance
rCorr   .          Rampage  .   x - +4 ring of slaying
Will    .....      NoTele   +   (no ring)
Stlth   ++........              (no ring)
HPRegen 0.20/turn               (no ring)
MPRegen 0.12/turn               (no ring)
                                (no ring)
                                (no ring)

@: tree-form
A: stationary, stasis, torment immunity, boosted hp, almost no armour,
(amphibious), 8 rings, (camouflage 1), (gelatinous body 1), (nimble swimmer 1),
(tentacles)
a: Renounce Religion, Minor Destruction


You were on level 6 of the Dungeon.
You worshipped Makhleb.
Makhleb was pleased with you.
You were a tree.
You visited 1 branch of the dungeon, and saw 6 of its levels.

You collected 301 gold pieces.

Inventory:

Hand Weapons
 a - a +0 sling
Missiles
 m - 2 poisoned darts
 q - 26 stones
 u - a throwing net
 v - 6 boomerangs
Armour
 g - a +2 buckler (worn)
Jewellery
 d - an amulet of the acrobat (around neck)
 o - a ring of poison resistance (left branch)
 x - a +4 ring of slaying (right branch)
Wands
 j - a wand of digging (1)
Scrolls
 h - 2 scrolls of fear
 k - 2 scrolls of teleportation
 l - a scroll of amnesia
 n - 4 scrolls of identify
 s - a scroll of magic mapping {unknown}
Potions
 b - 2 potions of might {unknown}
 c - 2 potions of curing {unknown}
 e - a potion of heal wounds {unknown}
 f - 2 potions of lignification
 i - 3 potions of mutation
 p - 2 potions of attraction
 r - a potion of invisibility {unknown}
 t - a potion of cancellation {unknown}
 w - a potion of brilliance {unknown}
 z - a potion of resistance {unknown}


   Skills:
 - Level 1.0 Fighting
 - Level 2.0 Dodging
 - Level 1.8 Stealth
 + Level 3.2 Shields
 - Level 3.9 Unarmed Combat
 + Level 2.9 Spellcasting
 * Level 5.2 Transmutations
 * Level 4.1 Ice Magic
 - Level 0.6 Invocations


You had 6 spell levels left.
You knew the following spells:

 Your Spells              Type           Power      Damage    Failure   Level
a - Beastly Appendage     Tmut           40%        N/A       2%          1
b - Ice Form              Ice/Tmut       18%        N/A       32%         4

Your spell library contained the following spells:

 Spells                   Type           Power      Damage    Failure   Level
 Wereblood                Tmut           20%        N/A       4%          2
 Shock                    Conj/Air       8%         1d3       24%         1
 Spider Form              Tmut/Pois      11%        N/A       24%         3
 Ignite Poison            Fire/Tmut/Pois 8%         N/A       34%         3
 Conjure Flame            Conj/Fire      2%         6-21      56%         3
 Inner Flame              Hex/Fire       2%         N/A       56%         3
 Swiftness                Air            2%         N/A       56%         3
 Airstrike                Air            1%         2d(1-17)  93%         4
 Cause Fear               Hex            1%         N/A       93%         4
 Sticky Flame             Conj/Fire      2%         2d3       93%         4
 Discord                  Hex            1%         N/A       100%        8


Dungeon Overview and Level Annotations

Branches:
Dungeon (6/15)             Temple (0/1) D:5

Altars:
Ashenzari
Cheibriados
Fedhas
Kikubaaqudgha
Makhleb
Okawaru
Ru
Uskayaw

Shops:
D:3 :   D:5 (:

Annotations:
D:6 Edmund


Innate Abilities, Weirdness & Mutations

You are a tree.
Your roots penetrate the ground, keeping you stationary.
You cannot be teleported.
You are immune to unholy pain and torment.
Your maximum health is greatly increased.
You cannot wear most types of armour.
((You are amphibious.))
You can wear up to eight rings at the same time.
((Your skin changes colour to match your surroundings (Stealth+).))
((Your rubbery body absorbs attacks. (AC +1, EV +1)))
((You are camouflaged when in or above water. (Stealth+)))
((You have tentacles for arms and can constrict up to eight enemies at once.))


Message History

a - a +0 sling (weapon)
You shoot a sling bullet. The sling bullet hits Edmund.
Edmund shouts!
Edmund is lightly wounded.
Edmund says, "I'm quite good with sums, too."
You shoot a sling bullet. The sling bullet hits Edmund.
Edmund is lightly wounded.
An orc comes into view. It is wielding a +0 flail.
You are now empty-tentacled.
One of your tentacles grows a vicious spike.
You tentacle-slap Edmund. Your grab misses Edmund.
You pierce Edmund.
You squeeze Edmund, but do no damage.
Edmund is moderately wounded.
You block Edmund's attack.
You tentacle-slap Edmund but do no damage.
You grab Edmund.
You pierce Edmund, but do no damage.
Edmund is moderately wounded.
You constrict Edmund, but do no damage.
Edmund hits you with a +2 vorpal dire flail!
You tentacle-slap Edmund.
You pierce Edmund.
Edmund is moderately wounded.
You constrict Edmund, but do no damage.
Edmund hits you with a +2 vorpal dire flail!
* * * LOW HITPOINT WARNING * * *
Really quaff the potion of lignification?
Your tentacle spike disappears.
You turn into a tree.
Your roots penetrate the ground.
You lose your grip on Edmund.
Edmund hits you with a +2 vorpal dire flail!
* * * LOW HITPOINT WARNING * * *
x2 You smack Edmund!
Edmund is heavily wounded.
Edmund barely misses you.
You hit Edmund.
Edmund is severely wounded.
You block Edmund's attack.
You barely miss Edmund.
Edmund is severely wounded.
Edmund hits you with a +2 vorpal dire flail!
You die...

#........
#.......
#......
#.....#
#.....#
#.....#
#?....#
#.....####
#.....@♣.#
########.#
#...#
#.### #.#
#.#
#######.#
#...)...#
#.#.....#


You could see Edmund.

Vanquished Creatures
  A black bear (D:5)
  An ogre (D:5)
  A phantom (D:5)
  A scorpion (D:4)
  A howler monkey (D:5)
  4 hounds (D:5)
  3 iguanas
  An orc wizard (D:5)
  13 adders
  An ufetubus (D:4)
  A worm (D:3)
  A dart slug (D:5)
  12 orcs
  2 bats
  4 endoplasms
  4 giant cockroaches
  8 goblins
  4 hobgoblins
  4 quokkas
  8 ball pythons
  4 frilled lizards
  9 kobolds
  3 rats
91 creatures vanquished.

Notes
Turn   | Place    | Note
-------+----------+-------------------------------------------
     0 | D:1      | Wobber the Octopode Transmuter began the quest for the Orb.
     0 | D:1      | Reached XP level 1. HP: 13/13 MP: 3/3
   224 | D:1      | Reached skill level 1 in Stealth
   264 | D:1      | Reached XP level 2. HP: 18/18 MP: 3/5
   853 | D:1      | Found a faded altar of an unknown god.
   860 | D:1      | Prayed at the altar of an unknown god.
   860 | D:1      | Became a worshipper of Makhleb the Destroyer
   860 | D:1      | Reached * piety under Makhleb
  1251 | D:1      | Reached XP level 3. HP: 20/23 MP: 4/6
  1494 | D:2      | Reached skill level 1 in Shields
  1623 | D:2      | Found a sacrificial altar of Ru.
  1634 | D:2      | Reached XP level 4. HP: 28/28 MP: 5/7
  1639 | D:2      | Learned a level 4 spell: Ice Form
  1742 | D:2      | Reached skill level 3 in Transmutations
  2108 | D:2      | Reached ** piety under Makhleb
  2637 | D:3      | You fall into a shaft and drop 1 floor!
  2641 | D:4      | Found a snail-covered altar of Cheibriados.
  2817 | D:3      | Found Rusemn's Book Shop.
  2901 | D:3      | Reached skill level 1 in Ice Magic
  2901 | D:3      | Reached XP level 5. HP: 33/33 MP: 6/8
  4019 | D:4      | Found a hide-covered altar of Uskayaw.
  4019 | D:4      | Found a broken altar of Ashenzari.
  4019 | D:4      | Found an iron altar of Okawaru.
  4020 | D:4      | Found an ancient bone altar of Kikubaaqudgha.
  4020 | D:4      | Found a blossoming altar of Fedhas.
  4020 | D:4      | Found a sacrificial altar of Ru.
  4409 | D:4      | Reached XP level 6. HP: 21/38 MP: 7/9
  5052 | D:5      | Entered Level 5 of the Dungeon
  5063 | D:5      | Reached skill level 4 in Transmutations
  5216 | D:5      | Found Ophe's Vocational Training.
  5399 | D:5      | Reached XP level 7. HP: 40/43 MP: 10/10
  5473 | D:5      | Found Teuva's Antique Weapon Boutique.
  5651 | D:5      | Found a staircase to the Ecumenical Temple.
  6047 | D:5      | Reached skill level 5 in Transmutations
  6614 | D:6      | Noticed Edmund
  6631 | D:6      | Slain by Edmund

Illustrated notes

Levels and vault maps discovered:
D:1:      erik_arrival_triangle_medium, layout_loops_ring,
          dilly_ecumenical_altar_fadedgnrine
D:2:      layout_basic, basic_altar
D:3:      layout_basic, serial_shops, shop, small_statue_intersection,
          nicolae_hexahallways
D:4:      layout_basic, grunt_temple_overflow_open,
          nicolae_overflow_crystal_walls, kennysheep_another_room
D:5:      layout_layer_cave, minmay_temple_entry_mist, serial_shops,
          nicolae_shop_hallway_stairs, nicolae_shop_vocational
D:6:      layout_basic, serial_shops, shop_statue, uniq_eustachio, uniq_edmund,
          uniq_blork_the_orc

Skill      XL: |  1  2  3  4  5  6  7 |
---------------+----------------------+-----
Stealth        | 1 |  1.8
Shields        | 1 2 3 |  3.2
Transmutations | 3 4 5 |  5.2
Ice Magic      | 1 2 3 4 |  4.1
Fighting       | |  1.0
Dodging        | |  2.0
Unarmed Combat | |  3.9
Spellcasting   | |  2.9
Invocations    | |  0.6

Action                   |  1- 3 |  4- 6 |  7- 9 || total
-------------------------+-------+-------+-------++-------
Melee: Unarmed           |    57 |   134 |    32 ||   223
       Constrict         |    17 |    35 |     5 ||    57
       Kick              |    15 |    53 |    14 ||    82
       Tentacles         |     7 |    37 |     9 ||    53
       Punch             |     2 |     5 |       ||     7
 Fire: Sling             |       |     8 |    29 ||    37
Throw: Stone             |       |     1 |       ||     1
       Dart              |       |       |     2 ||     2
 Cast: Beastly Appendage |    27 |    36 |    10 ||    73
  Use: Scroll            |       |     9 |     1 ||    10
       Potion            |       |       |     1 ||     1
 Stab: Sleeping          |     6 |     4 |       ||    10
Armor: Skin              |     2 |     4 |     2 ||     8
Dodge: Dodged            |    29 |    56 |    40 ||   125
Block: Buckler           |       |    22 |    19 ||    41
